Workbook

Sheet PRESUPUESTO OFICIAL
A2: Código | B2: CCE-EICP-FM-25
A3: FORMULARIO 1
A4: FORMULARIO PRESUPUESTO OFICIAL DEMOLICIONES
A5: [El presente formulario aplica para los procesos de contratación que tengan como forma de pago precios unitarios. Tratándose de otras modalidades de precio, la Entidad debe ajustarlo cuando corresponde a: precio global, llave en mano, administración delegada, reembolso de gastos o cualquier otra forma precio]
A7: Adicionalmente, cuando el proceso de contratación es estructurado por precios unitarios, la Entidad debe aplicar las notas 1, 2 y 3 del presente formulario y las casillas de "Descripción", "Porcentaje" de la Administración, Imprevisto, Utilidad y total A.I.U. resaltadas en colo amarillo. Tratándose de otras modalidades de precio, la Entidad puede o no configurar los mismos aspectos.
A9: Nº | B9: ITEM DE PAGO | C9: DESCRIPCION | D9: UND. | E9: CANTIDAD | F9: VALOR UNITARIO | G9: VALOR TOTAL | J9: VALOR UNITARIO | K9: VALOR TOTAL
A11: CAPITULO I - TRABAJOS EN ALTURAS
A12: 32 | C12: ADICIONALES ALCALDIA DE MANIZALES
A13: 1.1 | B13: =+'A.P.U'!A5 -> 032.170 | C13: =+'A.P.U'!C5 -> SUMINISTRO, TRANSPORTE E INSTALACIÓN DE ANDAMIOS METÁLICOS CERTIFICADOS. INCLUYE ESCALERILLA CON BARANDAS Y PLATAFORMAS DE TRABAJO. | D13: =+'A.P.U'!E5 -> DIA | E13: 10 | G13: =ROUND(F13*E13,0) -> 0 | J13: =+'A.P.U'!H5 -> 69287 | K13: =ROUND(J13*E13,0) -> 692870
A14: 033 | C14: ADICIONALES AGUAS DE MANIZALES
A15: 1.2 | B15: =+'A.P.U'!A12 -> 033.154 | C15: =+'A.P.U'!C12 -> SUMINISTRO EEPP PARA TAREAS DE ALTO RIESGO: TRABAJO SEGURO EN ALTURAS, INCLUYE ARNÉS DE 6 ARGOLLAS (ESPACIO CONFINADO), LÍNEA DE VIDA EN POLIAMIDA, ARRESTADOR DE CAÍDA, ESLINGA EN Y, 3 MOSQUETONES CON CIERRE AUTOMÁTICO DE TRES PASOS | D15: =+'A.P.U'!E12 -> DIA | E15: 10 | G15: =ROUND(F15*E15,0) -> 0 | J15: ='A.P.U'!H12 -> 61081 | K15: =ROUND(J15*E15,0) -> 610810
A16: Subtotal | G16: =ROUND(SUM(G13,G15),0) -> 0
A17: CAPITULO II - MOVIMIENTO DE TIERRAS
A18: 1.3 | B18: =+'A.P.U'!A16 -> - | C18: =+'A.P.U'!C16 -> SUMINISTRO Y TRANSPORTE RETROCARGADORA DE LLANTAS | D18: =+'A.P.U'!E16 -> HR | E18: 32 | G18: =ROUND(F18*E18,0) -> 0 | J18: =+'A.P.U'!H16 -> 116445 | K18: =ROUND(J18*E18,0) -> 3726240
A19: 002 | C19: MOVIMIENTO DE TIERRAS
A20: 1.4 | B20: =+'A.P.U'!A20 -> 002.016 | C20: =+'A.P.U'!C20 -> EXCAVACIÓN A CIELO ABIERTO - MATERIAL COMÚN - 0.0 A 2.0 M | D20: =+'A.P.U'!E20 -> M3 | E20: 50 | G20: =ROUND(F20*E20,0) -> 0 | J20: =+'A.P.U'!H20 -> 24769 | K20: =ROUND(J20*E20,0) -> 1238450
A21: 1.5 | B21: =+'A.P.U'!A26 -> 002.001 | C21: =+'A.P.U'!C26 -> EXCAVACIÓN EN ZANJA - MATERIAL COMÚN - 0.0 A 2.0 M | D21: =+'A.P.U'!E26 -> M3 | E21: 4 | G21: =ROUND(F21*E21,0) -> 0 | J21: =+'A.P.U'!H26 -> 25996 | K21: =ROUND(J21*E21,0) -> 103984
A22: Subtotal | G22: =ROUND(SUM(G18,G20:G21),9) -> 0
A23: CAPITULO III - DESMONTES Y DEMOLICIONES
A24: 028 | C24: DESMONTES
A25: 1.6 | B25: =+'A.P.U'!A32 -> 028.005 | C25: =+'A.P.U'!C32 -> DESMONTE APARATOS SANITARIOS | D25: =+'A.P.U'!E32 -> UND | E25: 2 | G25: =ROUND(F25*E25,0) -> 0 | J25: =+'A.P.U'!H32 -> 39898 | K25: =ROUND(J25*E25,0) -> 79796
A26: 1.7 | B26: =+'A.P.U'!A39 -> 028.009 | C26: =+'A.P.U'!C39 -> DESMONTE DE VENTANERIA | D26: =+'A.P.U'!E39 -> M2 | E26: 5 | G26: =ROUND(F26*E26,0) -> 0 | J26: =+'A.P.U'!H39 -> 11609 | K26: =ROUND(J26*E26,0) -> 58045
A27: 1.8 | B27: =+'A.P.U'!A46 -> 028.012 | C27: =+'A.P.U'!C46 -> DESMONTE PUERTAS (INCLUYE RETIRO) | D27: =+'A.P.U'!E46 -> UND | E27: 4 | G27: =ROUND(F27*E27,0) -> 0 | J27: =+'A.P.U'!H46 -> 27549 | K27: =ROUND(J27*E27,0) -> 110196
A28: 1.9 | B28: =+'A.P.U'!A53 -> 028.088 | C28: =+'A.P.U'!C53 -> DESMONTE PUNTOS ELECTRICOS INCLUYE APARATOS Y CABLE (NO INCLUYE RETIRO) | D28: =+'A.P.U'!E53 -> UND | E28: 11 | G28: =ROUND(F28*E28,0) -> 0 | J28: =+'A.P.U'!H53 -> 8863 | K28: =ROUND(J28*E28,0) -> 97493
A29: 033 | C29: ADICIONALES AGUAS DE MANIZALES
A30: 1.11 | B30: =+'A.P.U'!A64 -> 033.087 | C30: =+'A.P.U'!C64 -> DEMOLICION DE ESTRUCTURAS DE CONCRETO REFORZADO | D30: =+'A.P.U'!E64 -> M3 | E30: 22 | G30: =ROUND(F30*E30,0) -> 0 | J30: =+'A.P.U'!H64 -> 136595 | K30: =ROUND(J30*E30,0) -> 3005090
A31: 029 | C31: DEMOLICIONES
A32: 1.10 | B32: =+'A.P.U'!A59 -> 029.011 | C32: =+'A.P.U'!C59 -> DEMOLICIÓN DE LAVADERO | D32: =+'A.P.U'!E59 -> UND | E32: 2 | G32: =ROUND(F32*E32,0) -> 0 | J32: =+'A.P.U'!H59 -> 38002 | K32: =ROUND(J32*E32,0) -> 76004
A33: 1.12 | B33: =+'A.P.U'!A72 -> 029.074 | C33: =+'A.P.U'!C72 -> DEMOLICION MURO MAMPOSTERIA DE LADRILLO O BLOQUE | D33: =+'A.P.U'!E72 -> M2 | E33: 28 | G33: =ROUND(F33*E33,0) -> 0 | J33: =+'A.P.U'!H72 -> 18705 | K33: =ROUND(J33*E33,0) -> 523740
A34: 1.13 | B34: =+'A.P.U'!A78 -> 029.008 | C34: =+'A.P.U'!C78 -> DEMOLICION PLACA DE ENTREPISO hasta E=0.30 m. . | D34: =+'A.P.U'!E78 -> M2 | E34: 66 | G34: =ROUND(F34*E34,0) -> 0 | J34: =+'A.P.U'!H78 -> 36186 | K34: =ROUND(J34*E34,0) -> 2388276
A35: Subtotal | G35: =ROUND(SUM(G25:G28,G30,G32:G34),0) -> 0
A36: CAPITULO IV - EVACUACION Y ACARREOS
A37: 001 | C37: PRELIMINARES
A38: 1.14 | B38: =+'A.P.U'!A87 -> 001.074 | C38: =+'A.P.U'!C87 -> EVACUACION ESCOMBROS Y SOBRANTES EN VEHICULO AUTOMOTOR | D38: =+'A.P.U'!E87 -> M3 | E38: 390.409 | G38: =ROUND(F38*E38,0) -> 0 | J38: =+'A.P.U'!H87 -> 40882 | K38: =ROUND(J38*E38,0) -> 15960701
A39: 002 | C39: MOVIMIENTO DE TIERRAS
A40: 1.17 | B40: =+'A.P.U'!A95 -> 002.119 | C40: =+'A.P.U'!C95 -> DISPOSICION FINAL BOTADERO | D40: =+'A.P.U'!E95 -> TON | E40: 6 | G40: =ROUND(F40*E40,0) -> 0 | J40: =+'A.P.U'!H95 -> 42000 | K40: =ROUND(J40*E40,0) -> 252000
A41: 033 | C41: ADICIONALES AGUAS DE MANIZALES
A42: 1.18 | B42: =+'A.P.U'!A99 -> 033.088 | C42: =+'A.P.U'!C99 -> SOBREACARREO EN VEHICULO NO AUTOMOTOR AL HOMBRO EN FUERTE PENDIENTE Y/O ESCALAS (SIN ACARREO LIBRE) | D42: =+'A.P.U'!E99 -> M3 - HM | E42: =+ROUND(E38*0.2,0) -> 78 | G42: =ROUND(F42*E42,0) -> 0 | J42: =+'A.P.U'!H99 -> 101155 | K42: =ROUND(J42*E42,0) -> 7890090
A43: Subtotal | G43: =ROUND(SUM(G38,G40,G42),0) -> 0
A44: CAPITULO V - CERRAMIENTO
A45: 021 | C45: OBRAS EXTERIORES
A46: 1.20 | B46: =+'A.P.U'!A105 -> 021.044 | C46: =+'A.P.U'!C105 -> SUMINISTRO, TRANSPORTE E INSTALACIÓN DE CERRAMIENTO EN TUBERÍA GALVANIZADA PARA CERRAMIENTO, MURO A LA VISTA, MALLA ESLABONADA, CONCERTINA DIAMETRO 18"ESPIRAL ESPACIADO CADA 20 CM CUCHILLAS EN ACERO INOXIDABLE AISI 430 ESPESOR 0,60MM ANCHO 25MM, INCLUYE MACHONES EN CONCRETO DE 3.000 PSI, ZARPAS EN CONCRETO REFORZADO | D46: =+'A.P.U'!E105 -> ML | E46: 33 | G46: =ROUND(F46*E46,0) -> 0 | J46: =+'A.P.U'!H105 -> 360946 | K46: =ROUND(J46*E46,0) -> 11911218
A47: Subtotal | G47: =ROUND(SUM(G46),0) -> 0 | K47: =SUM(K13:K46) -> 48725003
A48: SUBTOTAL OBRAS | G48: =ROUND(SUM(G16+G22+G35+G43+G47),0) -> 0 | J48: TOTAL DIRECTO | K48: =+K47 -> 48725003
J50: TOTAL CON AIU | K50: =+ROUND(K48*(1+G58),0) -> 64999154
C51: SUBTOTAL OBRAS (INCLUYE IVA) | G51: =G48 -> 0
C52: VALOR TOTAL INCLUIDO AIU | G52: =G51 -> 0
A54: NOTA 1: Se debe tener en cuenta que el PRECIO UNITARIO incluye el valor de A.I.U. | D54: DESCRIPCION | G54: PORCENTAJE
A55: NOTA 2: Cuando la fracción decimal del peso sea igual o superior a 5 se aproximara por exceso al número entero siguiente del peso y cuando la fracción decimal del peso sea inferior a 5 se aproximará por defecto al número entero del peso. | D55: ADMINISTRACION | F55: A= | G55: =ROUND('A.I.U'!$J$50,4) -> 0.284
A56: NOTA 3: El A.I.U y su discriminación deben estar en porcentaje (%). | D56: IMPREVISTO | F56: I= | G56: ='A.I.U'!$J$51 -> 0
A57: NOTA 4: Revisar el Formulario 1 de Presupuesto con sus decimales y tenerlos en cuenta para la presentación de la propuesta económica. | D57: UTILIDAD | F57: U= | G57: ='A.I.U'!$J$52 -> 0.05
A58: NOTA 5: Siguiendo las recomendaciones de la Guía de Colombia Compra Eficiente, presentar la oferta economica en archivo editable (Excel) y en PDF. | D58: TOTAL A.I.U | F58: A.I.U.= | G58: =SUM(G55:G57) -> 0.334

Sheet A.P.U
A2: ANÁLISIS DE PRECIOS UNITARIOS
A4: CODIGO | B4: COD INSUMO | C4: INSUMO | D4: TIPO | E4: UNIDAD | F4: REND | G4: VALOR UNITARIO | H4: VALOR TOTAL | I4: AIU | J4: VALOR TOTAL INCLUÍDO AIU
A5: 032.170 | B5: - | C5: SUMINISTRO, TRANSPORTE E INSTALACIÓN DE ANDAMIOS METÁLICOS CERTIFICADOS. INCLUYE ESCALERILLA CON BARANDAS Y PLATAFORMAS DE TRABAJO. | D5: Actividad | E5: DIA | H5: =ROUND(SUM(H6:H9),0) -> 69287 | I5: ='A.I.U'!$G$27 -> 1.334 | J5: =ROUND(H5*I5,0) -> 92429
A6: 032.170 | B6: C1 | C6: CUADRILLA AA TIPO 1 (1 OFICIAL + 1 AYUDANTE) (Albañileria) | D6: Cuadrilla | E6: HR | F6: 0.3 | G6: 18395 | H6: =+ROUND(F6*G6,0) -> 5519
A7: 032.170 | B7: E1 | C7: ANDAMIO METALICO CERTIFICADO, INCLUYE ESCALERILLA CON BARANDAS Y PLATAFORMAS DE TRABAJO | D7: Equipos | E7: DIA | F7: 8 | G7: 7665 | H7: =+ROUND(F7*G7,0) -> 61320
A8: 032.170 | B8: H2 | C8: EQUIPO BASICO (HERRAMIENTA MENOR) | D8: Herramienta | E8: UND | F8: 0.5 | G8: 2679 | H8: =+ROUND(F8*G8,0) -> 1340
A9: 032.170 | B9: I1565 | C9: ACARREO INTERNO | D9: Insumo | E9: UND | F9: 0.79 | G9: 1402 | H9: =+ROUND(F9*G9,0) -> 1108
A11: CODIGO | B11: COD INSUMO | C11: INSUMO | D11: TIPO | E11: UNIDAD | F11: REND | G11: VALOR UNITARIO | H11: VALOR TOTAL | I11: AIU | J11: VALOR TOTAL INCLUÍDO AIU
A12: 033.154 | B12: - | C12: SUMINISTRO EEPP PARA TAREAS DE ALTO RIESGO: TRABAJO SEGURO EN ALTURAS, INCLUYE ARNÉS DE 6 ARGOLLAS (ESPACIO CONFINADO), LÍNEA DE VIDA EN POLIAMIDA, ARRESTADOR DE CAÍDA, ESLINGA EN Y, 3 MOSQUETONES CON CIERRE AUTOMÁTICO DE TRES PASOS | D12: Actividad | E12: DIA | H12: =ROUND(SUM(H13),0) -> 61081 | I12: ='A.I.U'!$G$27 -> 1.334 | J12: =ROUND(H12*I12,0) -> 81482
C13: EQUIPO DE TRABAJO EN ALTURA (LÍNEA DE VIDA Y ARNES) X DÍA | D13: Insumo | E13: DIA | F13: 1 | G13: =59302*1.03 -> 61081.06 | H13: =G13*F13 -> 61081.06
A15: CODIGO | B15: COD INSUMO | C15: INSUMO | D15: TIPO | E15: UNIDAD | F15: REND | G15: VALOR UNITARIO | H15: VALOR TOTAL | I15: AIU | J15: VALOR TOTAL INCLUÍDO AIU
A16: - | B16: - | C16: SUMINISTRO Y TRANSPORTE RETROCARGADORA DE LLANTAS | D16: Actividad | E16: HR | H16: =ROUND(SUM(H17),0) -> 116445 | I16: ='A.I.U'!$G$27 -> 1.334 | J16: =ROUND(H16*I16,0) -> 155338
A17: 002.015 | B17: E43 | C17: RETROCARGADORA DE LLANTAS | D17: Equipos | E17: HR | F17: 1 | G17: 116445 | H17: =+ROUND(F17*G17,0) -> 116445
A19: CODIGO | B19: COD INSUMO | C19: INSUMO | D19: TIPO | E19: UNIDAD | F19: REND | G19: VALOR UNITARIO | H19: VALOR TOTAL | I19: AIU | J19: VALOR TOTAL INCLUÍDO AIU
A20: 002.016 | B20: - | C20: EXCAVACIÓN A CIELO ABIERTO - MATERIAL COMÚN - 0.0 A 2.0 M | D20: Actividad | E20: M3 | H20: =ROUND(SUM(H21:H23),0) -> 24769 | I20: ='A.I.U'!$G$27 -> 1.334 | J20: =ROUND(H20*I20,0) -> 33042
A21: 002.016 | B21: C22 | C21: CUADRILLA AA TIPO 4 (1 OFICIAL + 4 AYUDANTE) (Albañileria) | D21: Cuadrilla | E21: HR | F21: 0.54 | G21: 39620 | H21: =+ROUND(F21*G21,0) -> 21395
A22: 002.016 | B22: E37 | C22: MOTOBOMBA DE 2" A GASOLINA | D22: Equipos | E22: DIA | F22: 0.045 | G22: 51152 | H22: =+ROUND(F22*G22,0) -> 2302
A23: 002.016 | B23: H2 | C23: EQUIPO BASICO (HERRAMIENTA MENOR) | D23: Herramienta | E23: UND | F23: 0.4 | G23: 2679 | H23: =+ROUND(F23*G23,0) -> 1072
A25: CODIGO | B25: COD INSUMO | C25: INSUMO | D25: TIPO | E25: UNIDAD | F25: REND | G25: VALOR UNITARIO | H25: VALOR TOTAL | I25: AIU | J25: VALOR TOTAL INCLUÍDO AIU
A26: 002.001 | B26: - | C26: EXCAVACIÓN EN ZANJA - MATERIAL COMÚN - 0.0 A 2.0 M | D26: Actividad | E26: M3 | H26: =ROUND(SUM(H27:H29),0) -> 25996 | I26: ='A.I.U'!$G$27 -> 1.334 | J26: =ROUND(H26*I26,0) -> 34679
A27: 002.001 | B27: C22 | C27: CUADRILLA AA TIPO 4 (1 OFICIAL + 4 AYUDANTE) (Albañileria) | D27: Cuadrilla | E27: HR | F27: 0.6 | G27: 39620 | H27: =+ROUND(F27*G27,0) -> 23772
A28: 002.001 | B28: E36 | C28: EQUIPO MANEJO DE AGUAS DIFERENTE A AGUAS RESIDUALES | D28: Equipos | E28: DIA | F28: 0.033 | G28: 51152 | H28: =+ROUND(F28*G28,0) -> 1688
A29: 002.001 | B29: H2 | C29: EQUIPO BASICO (HERRAMIENTA MENOR) | D29: Herramienta | E29: UND | F29: 0.2 | G29: 2679 | H29: =+ROUND(F29*G29,0) -> 536
A31: CODIGO | B31: COD INSUMO | C31: INSUMO | D31: TIPO | E31: UNIDAD | F31: REND | G31: VALOR UNITARIO | H31: VALOR TOTAL | I31: AIU | J31: VALOR TOTAL INCLUÍDO AIU
A32: 028.005 | B32: - | C32: DESMONTE APARATOS SANITARIOS | D32: Actividad | E32: UND | H32: =+ROUND(SUM(H33:H36),0) -> 39898 | I32: ='A.I.U'!$G$27 -> 1.334 | J32: =ROUND(H32*I32,0) -> 53224
A33: 028.005 | B33: C1 | C33: CUADRILLA AA TIPO 1 (1 OFICIAL + 1 AYUDANTE) (Albañileria) | D33: Cuadrilla | E33: HR | F33: 1.7 | G33: 18395 | H33: =+ROUND(F33*G33,0) -> 31272
A34: 028.005 | B34: E24 | C34: VOLQUETA 6M3 (CARGUE A MANO) | D34: Equipos | E34: VJE | F34: 0.01 | G34: 124723 | H34: =+ROUND(F34*G34,0) -> 1247
A35: 028.005 | B35: H2 | C35: EQUIPO BASICO (HERRAMIENTA MENOR) | D35: Herramienta | E35: UND | F35: 1.7 | G35: 2679 | H35: =+ROUND(F35*G35,0) -> 4554
A36: 028.005 | B36: I1565 | C36: ACARREO INTERNO | D36: Insumo | E36: UND | F36: 2.0147 | G36: 1402 | H36: =+ROUND(F36*G36,0) -> 2825
A38: CODIGO | B38: COD INSUMO | C38: INSUMO | D38: TIPO | E38: UNIDAD | F38: REND | G38: VALOR UNITARIO | H38: VALOR TOTAL | I38: AIU | J38: VALOR TOTAL INCLUÍDO AIU
A39: 028.009 | B39: - | C39: DESMONTE DE VENTANERIA | D39: Actividad | E39: M2 | H39: =ROUND(SUM(H40:H43),0) -> 11609 | I39: ='A.I.U'!$G$27 -> 1.334 | J39: =ROUND(H39*I39,0) -> 15486
A40: 028.009 | B40: C1 | C40: CUADRILLA AA TIPO 1 (1 OFICIAL + 1 AYUDANTE) (Albañileria) | D40: Cuadrilla | E40: HR | F40: 0.35 | G40: 18395 | H40: =+ROUND(F40*G40,0) -> 6438
A41: 028.009 | B41: E24 | C41: VOLQUETA 6M3 (CARGUE A MANO) | D41: Equipos | E41: VJE | F41: 0.03 | G41: 124723 | H41: =+ROUND(F41*G41,0) -> 3742
A42: 028.009 | B42: H2 | C42: EQUIPO BASICO (HERRAMIENTA MENOR) | D42: Herramienta | E42: UND | F42: 0.35 | G42: 2679 | H42: =+ROUND(F42*G42,0) -> 938
A43: 028.009 | B43: I1565 | C43: ACARREO INTERNO | D43: Insumo | E43: UND | F43: 0.35 | G43: 1402 | H43: =+ROUND(F43*G43,0) -> 491
A45: CODIGO | B45: COD INSUMO | C45: INSUMO | D45: TIPO | E45: UNIDAD | F45: REND | G45: VALOR UNITARIO | H45: VALOR TOTAL | I45: AIU | J45: VALOR TOTAL INCLUÍDO AIU
A46: 028.012 | B46: - | C46: DESMONTE PUERTAS (INCLUYE RETIRO) | D46: Actividad | E46: UND | H46: =+ROUND(SUM(H47:H50),0) -> 27549 | I46: ='A.I.U'!$G$27 -> 1.334 | J46: =ROUND(H46*I46,0) -> 36750
A47: 028.012 | B47: C1 | C47: CUADRILLA AA TIPO 1 (1 OFICIAL + 1 AYUDANTE) (Albañileria) | D47: Cuadrilla | E47: HR | F47: 1 | G47: 18395 | H47: =+ROUND(F47*G47,0) -> 18395
A48: 028.012 | B48: E24 | C48: VOLQUETA 6M3 (CARGUE A MANO) | D48: Equipos | E48: VJE | F48: 0.04 | G48: 124723 | H48: =+ROUND(F48*G48,0) -> 4989
A49: 028.012 | B49: H2 | C49: EQUIPO BASICO (HERRAMIENTA MENOR) | D49: Herramienta | E49: UND | F49: 1 | G49: 2679 | H49: =+ROUND(F49*G49,0) -> 2679
A50: 028.012 | B50: I1565 | C50: ACARREO INTERNO | D50: Insumo | E50: UND | F50: 1.06 | G50: 1402 | H50: =+ROUND(F50*G50,0) -> 1486
A52: CODIGO | B52: COD INSUMO | C52: INSUMO | D52: TIPO | E52: UNIDAD | F52: REND | G52: VALOR UNITARIO | H52: VALOR TOTAL | I52: AIU | J52: VALOR TOTAL INCLUÍDO AIU
A53: 028.088 | B53: - | C53: DESMONTE PUNTOS ELECTRICOS INCLUYE APARATOS Y CABLE (NO INCLUYE RETIRO) | D53: Actividad | E53: UND | H53: =+ROUND(SUM(H54:H56),0) -> 8863 | I53: ='A.I.U'!$G$27 -> 1.334 | J53: =ROUND(H53*I53,0) -> 11823
A54: 028.088 | B54: C6 | C54: CUADRILLA FF TIPO 1 (1 OFICIAL + 1 AYUDANTE) (ELECTRICAS) | D54: Cuadrilla | E54: HR | F54: 0.26 | G54: 26095 | H54: =+ROUND(F54*G54,0) -> 6785
A55: 028.088 | B55: H2 | C55: EQUIPO BASICO (HERRAMIENTA MENOR) | D55: Herramienta | E55: UND | F55: 0.2 | G55: 2679 | H55: =+ROUND(F55*G55,0) -> 536
A56: 028.088 | B56: I1565 | C56: ACARREO INTERNO | D56: Insumo | E56: UND | F56: 1.1 | G56: 1402 | H56: =+ROUND(F56*G56,0) -> 1542
A58: CODIGO | B58: COD INSUMO | C58: INSUMO | D58: TIPO | E58: UNIDAD | F58: REND | G58: VALOR UNITARIO | H58: VALOR TOTAL | I58: AIU | J58: VALOR TOTAL INCLUÍDO AIU
A59: 029.011 | B59: - | C59: DEMOLICIÓN DE LAVADERO | D59: Actividad | E59: UND | H59: =+ROUND(SUM(H60:H61),0) -> 38002 | I59: ='A.I.U'!$G$27 -> 1.334 | J59: =ROUND(H59*I59,0) -> 50695
A60: 029.011 | B60: C8 | C60: CUADRILLA AA TIPO 2 (1 OFICIAL + 2 AYUDANTE) (Albañileria) | D60: Cuadrilla | E60: HR | F60: 1.35 | G60: 25470 | H60: =+ROUND(F60*G60,0) -> 34385
A61: 029.011 | B61: H2 | C61: EQUIPO BASICO (HERRAMIENTA MENOR) | D61: Herramienta | E61: UND | F61: 1.35 | G61: 2679 | H61: =+ROUND(F61*G61,0) -> 3617
A63: CODIGO | B63: COD INSUMO | C63: INSUMO | D63: TIPO | E63: UNIDAD | F63: REND | G63: VALOR UNITARIO | H63: VALOR TOTAL | I63: AIU | J63: VALOR TOTAL INCLUÍDO AIU
A64: 033.087 | B64: - | C64: DEMOLICION DE ESTRUCTURAS DE CONCRETO REFORZADO | D64: Actividad | E64: M3 | H64: =+ROUND(SUM(H65:H69),0) -> 136595 | I64: ='A.I.U'!$G$27 -> 1.334 | J64: =ROUND(H64*I64,0) -> 182218
A65: 033.087 | B65: C22 | C65: CUADRILLA AA TIPO 4 (1 OFICIAL + 4 AYUDANTE) (Albañileria) | D65: Cuadrilla | E65: HR | F65: 0.75 | G65: 39620 | H65: =+ROUND(F65*G65,0) -> 29715
A66: 033.087 | B66: E24 | C66: VOLQUETA 6M3 (CARGUE A MANO) | D66: Equipos | E66: VJE | F66: 0.25 | G66: 124723 | H66: =+ROUND(F66*G66,0) -> 31181
A67: 033.087 | B67: E7 | C67: COMPRESOR 2 MARTILLOS (INCLUYE ACPM Y TRANSPORTE) | D67: Equipos | E67: HR | F67: 0.9 | G67: 80383 | H67: =+ROUND(F67*G67,0) -> 72345
A68: 033.087 | B68: H2 | C68: EQUIPO BASICO (HERRAMIENTA MENOR) | D68: Herramienta | E68: UND | F68: 0.75 | G68: 2679 | H68: =+ROUND(F68*G68,0) -> 2009
A69: 033.087 | B69: I1565 | C69: ACARREO INTERNO | D69: Insumo | E69: UND | F69: 0.9596 | G69: 1402 | H69: =+ROUND(F69*G69,0) -> 1345
A71: CODIGO | B71: COD INSUMO | C71: INSUMO | D71: TIPO | E71: UNIDAD | F71: REND | G71: VALOR UNITARIO | H71: VALOR TOTAL | I71: AIU | J71: VALOR TOTAL INCLUÍDO AIU
A72: 029.074 | B72: - | C72: DEMOLICION MURO MAMPOSTERIA DE LADRILLO O BLOQUE | D72: Actividad | E72: M2 | H72: =ROUND(SUM(H73:H75),0) -> 18705 | I72: ='A.I.U'!$G$27 -> 1.334 | J72: =ROUND(H72*I72,0) -> 24952
A73: 029.074 | B73: C1 | C73: CUADRILLA AA TIPO 1 (1 OFICIAL + 1 AYUDANTE) (Albañileria) | D73: Cuadrilla | E73: HR | F73: 0.6 | G73: 18395 | H73: =+ROUND(F73*G73,0) -> 11037
A74: 029.074 | B74: E24 | C74: VOLQUETA 6M3 (CARGUE A MANO) | D74: Equipos | E74: VJE | F74: 0.04 | G74: 124723 | H74: =+ROUND(F74*G74,0) -> 4989
A75: 029.074 | B75: H2 | C75: EQUIPO BASICO (HERRAMIENTA MENOR) | D75: Herramienta | E75: UND | F75: 1 | G75: 2679 | H75: =+ROUND(F75*G75,0) -> 2679
A77: CODIGO | B77: COD INSUMO | C77: INSUMO | D77: TIPO | E77: UNIDAD | F77: REND | G77: VALOR UNITARIO | H77: VALOR TOTAL | I77: AIU | J77: VALOR TOTAL INCLUÍDO AIU
A78: 029.008 | B78: - | C78: DEMOLICION PLACA DE ENTREPISO hasta E=0.30 m. . | D78: Actividad | E78: M2 | H78: =+ROUND(SUM(H79:H83),0) -> 36186 | I78: ='A.I.U'!$G$27 -> 1.334 | J78: =ROUND(H78*I78,0) -> 48272
A79: 029.008 | B79: C22 | C79: CUADRILLA AA TIPO 4 (1 OFICIAL + 4 AYUDANTE) (Albañileria) | D79: Cuadrilla | E79: HR | F79: 0.1 | G79: 39620 | H79: =+ROUND(F79*G79,0) -> 3962
A80: 029.008 | B80: E24 | C80: VOLQUETA 6M3 (CARGUE A MANO) | D80: Equipos | E80: VJE | F80: 0.06 | G80: 124723 | H80: =+ROUND(F80*G80,0) -> 7483
A81: 029.008 | B81: E7 | C81: COMPRESOR 2 MARTILLOS (INCLUYE ACPM Y TRANSPORTE) | D81: Equipos | E81: HR | F81: 0.3 | G81: 80383 | H81: =+ROUND(F81*G81,0) -> 24115
A82: 029.008 | B82: H2 | C82: EQUIPO BASICO (HERRAMIENTA MENOR) | D82: Herramienta | E82: UND | F82: 0.1 | G82: 2679 | H82: =+ROUND(F82*G82,0) -> 268
A83: 029.008 | B83: I1565 | C83: ACARREO INTERNO | D83: Insumo | E83: UND | F83: 0.2553 | G83: 1402 | H83: =+ROUND(F83*G83,0) -> 358
C85: retiros
A86: CODIGO | B86: COD INSUMO | C86: INSUMO | D86: TIPO | E86: UNIDAD | F86: REND | G86: VALOR UNITARIO | H86: VALOR TOTAL | I86: AIU | J86: VALOR TOTAL INCLUÍDO AIU
A87: 001.074 | B87: - | C87: EVACUACION ESCOMBROS Y SOBRANTES EN VEHICULO AUTOMOTOR | D87: Actividad | E87: M3 | H87: =ROUND(SUM(H88:H92),0) -> 40882 | I87: ='A.I.U'!$G$27 -> 1.334 | J87: =ROUND(H87*I87,0) -> 54537
A88: 001.074 | B88: C8 | C88: CUADRILLA AA TIPO 2 (1 OFICIAL + 2 AYUDANTE) (Albañileria) | D88: Cuadrilla | E88: HR | F88: 0.3 | G88: 25470 | H88: =+ROUND(F88*G88,0) -> 7641
A89: 001.074 | B89: E24 | C89: VOLQUETA 6M3 (CARGUE A MANO) | D89: Equipos | E89: VJE | F89: 0.25 | G89: 124723 | H89: =+ROUND(F89*G89,0) -> 31181
A90: 001.074 | B90: H2 | C90: EQUIPO BASICO (HERRAMIENTA MENOR) | D90: Herramienta | E90: UND | F90: 0.3 | G90: 2679 | H90: =+ROUND(F90*G90,0) -> 804
A91: 001.074 | B91: I1560 | C91: PERMISO USO DE ESCOMBRERA | D91: Insumo | E91: M3 | F91: 1 | G91: 737 | H91: =+ROUND(F91*G91,0) -> 737
A92: 001.074 | B92: I1565 | C92: ACARREO INTERNO | D92: Insumo | E92: UND | F92: 0.37 | G92: 1402 | H92: =+ROUND(F92*G92,0) -> 519
A94: CODIGO | B94: COD INSUMO | C94: INSUMO | D94: TIPO | E94: UNIDAD | F94: REND | G94: VALOR UNITARIO | H94: VALOR TOTAL | I94: AIU | J94: VALOR TOTAL INCLUÍDO AIU
A95: 002.119 | B95: - | C95: DISPOSICION FINAL BOTADERO | D95: Actividad | E95: TON | H95: =ROUND(SUM(H96),0) -> 42000 | I95: ='A.I.U'!$G$27 -> 1.334 | J95: =ROUND(H95*I95,0) -> 56028
A96: 002.119 | B96: I1806 | C96: DISPOSICION FINAL BOTADERO | D96: Insumo | E96: TON | F96: 1 | G96: 42000 | H96: =+ROUND(F96*G96,0) -> 42000
A98: CODIGO | B98: COD INSUMO | C98: INSUMO | D98: TIPO | E98: UNIDAD | F98: REND | G98: VALOR UNITARIO | H98: VALOR TOTAL | I98: AIU | J98: VALOR TOTAL INCLUÍDO AIU
A99: 033.088 | B99: - | C99: SOBREACARREO EN VEHICULO NO AUTOMOTOR AL HOMBRO EN FUERTE PENDIENTE Y/O ESCALAS (SIN ACARREO LIBRE) | D99: Actividad | E99: M3 - HM | H99: =+ROUND(SUM(H100:H101),0) -> 101155 | I99: ='A.I.U'!$G$27 -> 1.334 | J99: =ROUND(H99*I99,0) -> 134941
A100: 033.088 | B100: C1 | C100: CUADRILLA AA TIPO 1 (1 OFICIAL + 1 AYUDANTE) (Albañileria) | D100: Cuadrilla | E100: HR | F100: 4.8 | G100: 18395 | H100: =+ROUND(F100*G100,0) -> 88296
A101: 033.088 | B101: H2 | C101: EQUIPO BASICO (HERRAMIENTA MENOR) | D101: Herramienta | E101: UND | F101: 4.8 | G101: 2679 | H101: =+ROUND(F101*G101,0) -> 12859
C103: cerramiento
A104: CODIGO | B104: COD INSUMO | C104: INSUMO | D104: TIPO | E104: UNIDAD | F104: REND | G104: VALOR UNITARIO | H104: VALOR TOTAL | I104: AIU | J104: VALOR TOTAL INCLUÍDO AIU
A105: 021.044 | B105: - | C105: SUMINISTRO, TRANSPORTE E INSTALACIÓN DE CERRAMIENTO EN TUBERÍA GALVANIZADA PARA CERRAMIENTO, MURO A LA VISTA, MALLA ESLABONADA, CONCERTINA DIAMETRO 18"ESPIRAL ESPACIADO CADA 20 CM CUCHILLAS EN ACERO INOXIDABLE AISI 430 ESPESOR 0,60MM ANCHO 25MM, INCLUYE MACHONES EN CONCRETO DE 3.000 PSI, ZARPAS EN CONCRETO REFORZADO | D105: Actividad | E105: ML | H105: =+ROUND(SUM(H106:H117),0) -> 360946 | I105: ='A.I.U'!$G$27 -> 1.334 | J105: =ROUND(H105*I105,0) -> 481502
A106: 021.044 | B106: AB20 | C106: MORTERO 1:3 | D106: Analisis | E106: M3 | F106: 0.02 | G106: 475556 | H106: =+ROUND(F106*G106,0) -> 9511
A107: 021.044 | B107: AB5 | C107: CONCRETO 3000 psi - 21 Mpa | D107: Analisis | E107: M3 | F107: 0.09 | G107: 446111 | H107: =+ROUND(F107*G107,0) -> 40150
A108: 021.044 | B108: C22 | C108: CUADRILLA AA TIPO 4 (1 OFICIAL + 4 AYUDANTE) (Albañileria) | D108: Cuadrilla | E108: HR | F108: 4 | G108: 39620 | H108: =+ROUND(F108*G108,0) -> 158480
A109: 021.044 | B109: E12 | C109: EQUIPO DE TRANSPORTE | D109: Equipos | E109: DIA | F109: 0.0178 | G109: 138578 | H109: =+ROUND(F109*G109,0) -> 2467
A110: 021.044 | B110: H2 | C110: EQUIPO BASICO (HERRAMIENTA MENOR) | D110: Herramienta | E110: UND | F110: 2 | G110: 2679 | H110: =+ROUND(F110*G110,0) -> 5358
A111: 021.044 | B111: I1565 | C111: ACARREO INTERNO | D111: Insumo | E111: UND | F111: 2 | G111: 1402 | H111: =+ROUND(F111*G111,0) -> 2804
A112: 021.044 | B112: I169 | C112: MALLA ESLABONADA 21/4*21/4 *2 MTS | D112: Insumo | E112: M2 | F112: 2.05 | G112: 15907 | H112: =+ROUND(F112*G112,0) -> 32609
A113: 021.044 | B113: I2 | C113: ACERO 60.000 PSI | D113: Insumo | E113: KG | F113: 4 | G113: 3499 | H113: =+ROUND(F113*G113,0) -> 13996
A114: 021.044 | B114: I3 | C114: ALAMBRE NEGRO NO. 18 | D114: Insumo | E114: KG | F114: 0.2 | G114: 4566 | H114: =+ROUND(F114*G114,0) -> 913
A115: 021.044 | B115: I170 | C115: CONCERTINA DIAMETRO 18" ESPIRAL ESPACIADO CADA 20 INCLUYE CABLE GALVANIZADO SUPER GX DE 1/8 Y PERROS DE SUJECION 3/16 | D115: Insumo | E115: M | F115: 1.1 | G115: 28026 | H115: =+ROUND(F115*G115,0) -> 30829
A116: 021.044 | B116: I936 | C116: TUBERIA GALVANIZADA 2" CAL 16 | D116: Insumo | E116: M | F116: 3 | G116: 16073 | H116: =+ROUND(F116*G116,0) -> 48219
A117: 021.044 | B117: I945 | C117: LADRILLO ESTRUCTURAL PORTANTE PRENSADO 30 X 6 CM. (29 X 12 X 9 CM) ARCILLA TIPO SANTAFÉ O SIMILAR. | D117: Insumo | E117: UND | F117: 9.6 | G117: 1626 | H117: =+ROUND(F117*G117,0) -> 15610

Sheet A.I.U
A1: CALCULO DEL AIU.
A2: PROYECTO: | B2: DEMOLICIONES POR AMENAZA DE RUINA EN EL MUNICIPIO DE MANIZALES
A4: Valor estimado de la Obra (Costo Directo). | D4: Valor | E4: =+'PRESUPUESTO OFICIAL'!K48 -> 48725003
A5: Plazo estimado de ejecución | D5: Meses | E5: 1
A7: CAPITULO | B7: TIPO DE GASTO | C7: UN | D7: CANTIDAD. | E7: Destinación | F7: VLOR UNITARIO (mes) | G7: Factor Prestacional. | H7: VLOR TOTAL | I7: SUMA | J7: PORCENTAJE
A9: 1 | B9: GASTOS GENERALES. | J9: =+J10 -> 0.11643063
A10: 1.1 | B10: MANO DE OBRA Y GASTOS DE OFICINA | I10: =SUM(H11:H23) -> 5673082.6 | J10: =+I10/$E$4 -> 0.11643063
B11: Ingeniero Residente con prestaciones | C11: Un | D11: 1 | E11: 0.6 | F11: 2500000 | G11: 0.5483 | H11: =+D11*E11*$E$5*F11*(1+G11) -> 2322450
B12: Técnico constructor como Maestro de obra | C12: Un | D12: 1 | E12: 1.0022622 | F12: 1800000 | G12: 0.5483 | H12: =+D12*E12*$E$5*F12*(1+G12) -> 2793244.6
B13: Trabajadora social | C13: Un | D13: 1 | E13: 0 | F13: 1500000 | G13: 0.5483 | H13: =+D13*E13*$E$5*F13*(1+G13) -> 0
B14: Profesional en Seguridad y Salud en el Trabajo | C14: Un | D14: 1 | E14: 0.2 | F14: 1800000 | G14: 0.5483 | H14: =+D14*E14*$E$5*F14*(1+G14) -> 557388
B15: Celador con prestaciones | C15: Un | D15: 1 | E15: 0 | F15: 1000000 | G15: 0.5483 | H15: =+D15*E15*$E$5*F15*(1+G15) -> 0
B16: Secretaria con prestaciones | C16: Un | D16: 1 | E16: 0 | F16: 1000000 | G16: 0.5483 | H16: =+D16*E16*$E$5*F16*(1+G16) -> 0
B17: Contador | C17: Un | D17: 1 | E17: 0 | F17: 2000000 | G17: 0.5483 | H17: =+D17*E17*$E$5*F17*(1+G17) -> 0
B19: Almacén | C19: Un | D19: 1 | E19: 0 | F19: 800000 | H19: =E19*D19*F19 -> 0
B20: Plan manejo tránsito, etc | C20: GL | D20: 1 | E20: 0 | F20: 800000 | H20: =E20*D20*F20 -> 0
B21: Elaboracion de informes, registros | C21: Un | D21: 1 | E21: 0 | F21: 500000 | H21: =$E$5*F21*E21*D21 -> 0
B22: Seguridad y Salud en el trabajo | C22: Un | D22: 1 | E22: 0 | F22: 900000 | H22: =$E$5*F22*E22*D22 -> 0
B23: Sistema de Gestión Ambiental | C23: Un | D23: 1 | E23: 0 | F23: 300000 | H23: =$E$5*F23*E23*D23 -> 0
A25: 2 | B25: GASTOS INDIRECTOS. | J25: =J26+J29+J37+J41 -> 0.16755057
A26: 2.1 | B26: LEGALIZACION.
B27: Factor Multiplicador | G27: 1.334
A29: 2.2 | B29: POLIZAS | I29: =SUM(H30:H35) -> 773489.93 | J29: =+I29/$E$4 -> 0.0158746
B30: Cumplimiento | C30: % | D30: 0.0004 | F30: =+$E$4 -> 48725003 | G30: =$G$27 -> 1.334 | H30: =+F30*G30*D30 -> 25999.662 | J30: =+H30/$E$4 -> 0.0005336
B31: Estabilidad | C31: % | D31: 0.0056 | F31: =+$E$4 -> 48725003 | G31: =$G$27 -> 1.334 | H31: =+F31*G31*D31 -> 363995.26 | J31: =+H31/$E$4 -> 0.0074704
B32: Seriedad de la Propuesta. | C32: % | D32: 0.0002 | F32: =+$E$4 -> 48725003 | G32: =$G$27 -> 1.334 | H32: =+F32*G32*D32 -> 12999.831 | J32: =+H32/$E$4 -> 0.0002668
B33: Buen manejo y correcta inversión del anticipo | C33: % | D33: 0.0009 | F33: =+$E$4 -> 48725003 | G33: =$G$27 -> 1.334 | H33: =+F33*G33*D33 -> 58499.239 | J33: =+H33/$E$4 -> 0.0012006
B34: Pago de salarios, prestaciones sociales legales e indemnizaciones laborales | C34: % | D34: 0.0029 | F34: =+$E$4 -> 48725003 | G34: =$G$27 -> 1.334 | H34: =+F34*G34*D34 -> 188497.55 | J34: =+H34/$E$4 -> 0.0038686
B35: Responsabilidad Civil | C35: % | D35: 0.0019 | F35: =+$E$4 -> 48725003 | G35: =$G$27 -> 1.334 | H35: =+F35*G35*D35 -> 123498.39 | J35: =+H35/$E$4 -> 0.0025346
A37: 2.3 | B37: VALLAS Y SEÑALIZACIÓN | I37: =SUM(H38:H39) -> 650000 | J37: =+I37/$E$4 -> 0.013340174
B38: Valla (6 metros cuadrados en lona) | C38: Un | D38: 1 | F38: 400000 | H38: =+D38*F38 -> 400000 | J38: =+H38/$E$4 -> 0.0082093376
B39: Señalización preventiva | C39: Gb | D39: 0.5 | F39: 500000 | H39: =+F39*D39 -> 250000 | J39: =+H39/$E$4 -> 0.005130836
A41: 2.4 | B41: IMPUESTOS Y VALORES AGREGADOS | I41: =SUM(H42:H49) -> 6740412.3 | J41: =+I41/$E$4 -> 0.1383358
B42: Contribución Especial (Seguridad Ciudadana) | C42: % | D42: 0.05 | F42: =+$E$4 -> 48725003 | G42: =$G$27 -> 1.334 | H42: =+D42*F42*G42 -> 3249957.7 | J42: =+H42/$E$4 -> 0.0667
B43: Estampillas para el bienestar del adulto mayor | C43: % | D43: 0.02 | F43: =+$E$4 -> 48725003 | G43: =$G$27 -> 1.334 | H43: =+D43*F43*G43 -> 1299983.1 | J43: =+H43/$E$4 -> 0.02668
B44: Estampillas Pro - Universidades. | C44: % | D44: 0.01 | F44: =+$E$4 -> 48725003 | G44: =$G$27 -> 1.334 | H44: =+D44*F44*G44 -> 649991.54 | J44: =+H44/$E$4 -> 0.01334
B45: Estampillas Pro - Cultura | C45: % | D45: 0.005 | F45: =+$E$4 -> 48725003 | G45: =$G$31 -> 1.334 | H45: =+D45*F45*G45 -> 324995.77 | J45: =+H45/$E$4 -> 0.00667
B46: Tasa Pro deporte y recreación | C46: % | D46: 0.005 | F46: =+$E$4 -> 48725003 | G46: =$G$31 -> 1.334 | H46: =+D46*F46*G46 -> 324995.77 | J46: =+H46/$E$4 -> 0.00667
B47: Fiducia | C47: % | D47: 0.005 | F47: =+$E$4 -> 48725003 | G47: =$G$27 -> 1.334 | H47: =+D47*F47*G47 -> 324995.77 | J47: =+H47/$E$4 -> 0.00667
B48: 4/1000 (transacciones financieras) | C48: % | D48: 0.005 | F48: =+$E$4 -> 48725003 | G48: =$G$27 -> 1.334 | H48: =+D48*F48*G48 -> 324995.77 | J48: =+H48/$E$4 -> 0.00667
B49: Industria y Comercio 3,5 x 1.000 sobre valor total. | C49: % | D49: 0.0037 | F49: =+$E$4 -> 48725003 | G49: =$G$27 -> 1.334 | H49: =+D49*F49*G49 -> 240496.87 | J49: =+H49/$E$4 -> 0.0049358
B50: TOTAL GASTOS INDIRECTOS DE ADMINISTRACION. | I50: =SUM(I10:I49) -> 13836985 | J50: =+((J9+J25)) -> 0.2839812
B51: IMPREVISTO: | J51: 0
B52: UTILIDAD (+ IVA).: | J52: 0.05
B53: A.I.U. | J53: =ROUND(SUM(J50+J51+J52),4) -> 0.334
